 Dungeon Crawl Stone Soup version 0.14.0-12-g87ee3b7 (webtiles) character file.

529 Leibowitz the Poker (level 6, -2/48 HPs)
             Began as a Merfolk Gladiator on Apr 16, 2014.
             Killed from afar by an orc wizard (10 damage)
             ... with a puff of flame
             ... on Level 4 of the Dungeon.
             The game lasted 00:13:00 (3402 turns).

Leibowitz the Poker (Merfolk Gladiator)             Turns: 3402, Time: 00:13:02

HP  -2/48        AC  4     Str 16      XL: 6   Next: 67%
MP   6/6         EV 15     Int  7      God:
Gold 166         SH  0     Dex 16      Spells:  0 memorised,  5 levels left

rFire  . . .     SeeInvis .     a - +1,+0 trident
rCold  + + .     Clarity  .     b - +0 leather armour
rNeg   . . .     Conserve .     (no shield)
rPois  .         rCorr    .     c - +0 helmet
rElec  .         rRot     .     (no cloak)
SustAb . .       Spirit   .     (no gloves)
rMut   .         Warding  .     (no boots)
Saprov . . .     Stasis   .     s - amulet of rage
MR     .....                    j - ring of protection from cold
                                v - ring of protection from cold

@: not resistant to hostile enchantments, unstealthy
A: change form in water, swift swim
a: Evoke Berserk Rage


You were on level 4 of the Dungeon.
You were not hungry.

You visited 1 branch of the dungeon, and saw 4 of its levels.

You collected 166 gold pieces.

Inventory:

Hand weapons
 a - a +1,+0 trident (weapon)
Missiles
 d - 3 throwing nets (quivered)
 h - 6 tomahawks
Armour
 b - a +0 leather armour (worn)
 c - a +0 helmet (worn)
Magical devices
 p - a wand of draining (3) {unknown}
Comestibles
 f - a bread ration
 i - a snozzcumber
 l - 2 chunks of jackal flesh
 m - a pear
 n - a meat ration
 o - a slice of pizza
 t - a rotting chunk of adder flesh
Scrolls
 e - 2 scrolls of remove curse
 g - 2 scrolls of noise
 k - 2 scrolls of identify
Jewellery
 j - a ring of protection from cold (right hand)
 s - an amulet of rage (around neck)
 v - a ring of protection from cold (left hand)
Potions
 q - a potion of curing


   Skills:
 * Level 3.9 Fighting
 + Level 6.6 Polearms
 + Level 2.1 Throwing
 + Level 1.5 Armour
 + Level 6.4 Dodging
 + Level 0.5 Stealth


You had 5 spell levels left.
You didn't know any spells.

Dungeon Overview and Level Annotations

Branches:
Dungeon (4/15)
 Temple: D:4-7

Altars:


Message History

The iguana is severely wounded.
The iguana struggles to escape the net.
You hit the iguana but do no damage.
The iguana is severely wounded.
The iguana struggles to escape the net.
You puncture the iguana!
You kill the iguana!
d - 3 throwing nets (gained 1)
p - a lead wand You start resting.
Some of the chunks of flesh in your inventory have completely rotted away.
An orc wizard comes into view. It is wielding a dagger.
The orc wizard shouts!
The orc wizard casts a spell at you. The puff of flame hits you!
* * * LOW HITPOINT WARNING * * *
You see here a jackal corpse.
The orc wizard casts a spell at you. The puff of flame hits you!
You die...

#######
#...o.##########
###.#...%...@..###
#.##########.#<#
#.......# #.#.#
#######.# #...#
####.########
###..........#
#...##.#####.#
##o####....##.#
#.............#


You could see an orc wizard.

Vanquished Creatures
  A big kobold (D:3)
  An orc priest (D:4)
  An iguana (D:4)
  11 adders
  6 worms
  4 giant geckos
  2 oozes (D:3)
  3 orcs (D:3)
  2 ball pythons (D:3)
  8 bats
  6 giant cockroaches
  6 goblins
  8 hobgoblins
  14 jackals
  5 kobolds
  5 quokkas
  7 giant newts
  9 rats
99 creatures vanquished.

Notes
Turn   | Place    | Note
--------------------------------------------------------------
     0 | D:1      | Leibowitz, the Merfolk Gladiator, began the quest for the Orb.
     0 | D:1      | Reached XP level 1. HP: 16/16 MP: 1/1
    54 | D:1      | Reached XP level 2. HP: 13/22 MP: 2/2
   215 | D:1      | Reached skill level 5 in Polearms
   301 | D:1      | Reached XP level 3. HP: 26/28 MP: 3/3
   951 | D:2      | Reached XP level 4. HP: 18/34 MP: 4/4
  1303 | D:2      | Reached skill level 5 in Dodging
  1563 | D:3      | Noticed a big kobold
  1598 | D:3      | Killed a big kobold
  1598 | D:3      | Reached skill level 1 in Armour
  1598 | D:3      | Reached XP level 5. HP: 10/41 MP: 5/5
  2303 | D:3      | Reached skill level 6 in Polearms
  2490 | D:3      | Reached XP level 6. HP: 32/47 MP: 6/6
  3402 | D:4      | Killed from afar by an orc wizard

Action                   |  1- 3 |  4- 6 || total
-------------------------+-------+-------++-------
Melee: Trident           |   119 |   301 ||   420
Throw: Throwing net      |       |     4 ||     4
  Use: Potion            |       |     8 ||     8
       Scroll            |       |     9 ||     9
